 Dungeon Crawl Stone Soup version 0.20.1-1-g8b1a95d (console) character file.

188109 hilaritas the Dwarven Blade (level 17, -4/184 HPs)
             Began as a Deep Dwarf Berserker on Oct 27, 2017.
             Was an Elder of Trog.
             Slain by a spark wasp (13 damage)
             ... on level 1 of the Spider Nest.
             The game lasted 01:44:49 (24126 turns).

hilaritas the Dwarven Blade (Deep Dwarf Berserker) Turns: 24126, Time: 01:44:50

Health: -4/184     AC: 30    Str: 27    XL:     17   Next: 46%
Magic:  0/0        EV: 14    Int:  9    God:    Trog [****..]
Gold:   1897       SH:  0    Dex: 19    Spells: 16/16 levels left

rFire    + . .     SeeInvis .   Z - +3 triple sword (elec)
rCold    + . .     Gourm    .   (shield currently unavailable)
rNeg     + + .     Faith    .   W - +3 crystal plate armour
rPois    +         Spirit   .   x - +1 helmet
rElec    .         Reflect  .   Y - +0 cloak {rC+}
rCorr    .         Harm     .   G - -2 pair of gloves (curse)
MR       ++++.                  i - +2 pair of boots {Stlth+}
Stlth    ..........             (no amulet)
Regen    1.0/turn               r - ring of positive energy
MPRegen  0.1/turn               R - ring "Umyzoyq" {*Slow rPois rF+ Dex+2 Stlth+}

@: agile, non-regenerating
A: damage resistance, heal wounds, blink, negative energy resistance 1, sense
surroundings 2, robust 1, subdued magic 1, no regeneration
}: 1/15 runes: decaying
a: Heal Wounds, Blink, Berserk, Trog's Hand, Brothers in Arms, Burn Spellbooks,
Renounce Religion


You were on level 1 of the Spider Nest.
You worshipped Trog.
Trog was greatly pleased with you.
You were near starving.

You visited 5 branches of the dungeon, and saw 28 of its levels.
You also visited: Labyrinth, Sewer, Bailey, Ice Cave and Volcano.

You collected 2824 gold pieces.
You spent 927 gold pieces at shops.

Inventory:

Hand Weapons
 I - a +2 long sword of flaming
 X - a +3 antimagic demon blade
 Z - a +3 triple sword of electrocution (weapon)
Missiles
 f - 12 javelins (quivered)
 V - 2 poisoned javelins
Armour
 i - a +2 pair of boots of stealth (worn)
 x - a +1 helmet (worn)
 G - a cursed -2 pair of gloves (worn)
 O - a +2 pair of gloves of strength
 W - a +3 crystal plate armour (worn)
 Y - a +0 cloak of cold resistance (worn)
Jewellery
 r - a ring of positive energy (left hand)
 y - an uncursed ring of protection from fire
 z - an uncursed ring of magical power
 Q - an uncursed ring of flight
 R - the ring "Umyzoyq" (right hand) {*Slow rPois rF+ Dex+2 Stlth+}
   (You acquired it on level 8 of the Dungeon)

   [ring of dexterity]

   It affects your dexterity (+2).
   It protects you from fire.
   It protects you from poison.
   It may slow you when you take damage.
   It makes you more stealthy.
Wands
 s - a wand of digging (3/24)
 A - a wand of iceblast (7/15)
 D - a wand of acid (12/15)
 S - a wand of disintegration (12/24)
 T - a wand of lightning (10/15)
Scrolls
 j - 5 scrolls of identify
 l - 6 scrolls of blinking
 m - 15 scrolls of remove curse
 p - 6 scrolls of teleportation
 t - a scroll of enchant armour
 F - 3 scrolls of fog
 K - 3 scrolls of recharging
 U - 3 scrolls of fear
Potions
 d - a potion of brilliance
 e - 6 potions of haste
 h - 4 potions of cancellation
 k - 5 potions of magic
 o - 2 potions of resistance
 q - 2 potions of mutation
 u - a potion of heal wounds
 v - 3 potions of berserk rage
 E - 2 potions of invisibility
 J - 4 potions of flight
 L - 3 potions of might
 M - 7 potions of agility
 N - 8 potions of curing
 P - 2 potions of ambrosia
Books
 b - a book of Necromancy

   Spells                             Type                      Level
   a - Pain                           Necromancy                   1
   b - Animate Skeleton               Necromancy                   1
   c - Vampiric Draining              Necromancy                   3
   d - Regeneration                   Charms/Necromancy            3
   e - Animate Dead                   Necromancy                   4
   f - Control Undead                 Necromancy                   4
   Trog disapproves of the use of such an item.
 B - a book of Battle

   Spells                             Type                      Level
   a - Infusion                       Charms                       1
   b - Shroud of Golubria             Charms/Translocation         2
   c - Song of Slaying                Charms                       2
   d - Spectral Weapon                Hexes/Charms                 3
   e - Regeneration                   Charms/Necromancy            3
   Trog disapproves of the use of such an item.
 H - a book of Clouds

   Spells                             Type                      Level
   a - Poisonous Vapours              Poison/Air                   2
   b - Mephitic Cloud                 Conjuration/Poison/Air       3
   c - Conjure Flame                  Conjuration/Fire             3
   d - Freezing Cloud                 Conjuration/Ice/Air          6
   e - Ring of Flames                 Charms/Fire                  7
   Trog disapproves of the use of such an item.
Miscellaneous
 a - a box of beasts
Comestibles
 c - 22 bread rations
 g - 26 royal jellies
 n - 5 fruits
 w - 14 meat rations
 C - a chunk of flesh


   Skills:
 + Level 14.3 Fighting
 * Level 23.7 Long Blades
 - Level 10.0 Armour
 - Level 5.7 Dodging


You had 16 spell levels left.
You didn't know any spells.

Dungeon Overview and Level Annotations

Branches:
Dungeon (15/15)            Temple (0/1) D:5            Lair (6/6) D:8
  Swamp (4/4) Lair:4       Spider (1/4) Lair:3        Slime (0/5) Lair:6
    Orc (2/2) D:12            Elf (0/3) Orc:2        Vaults (0/5) D:14
 Depths (0/5) D:15

Altars:
Ashenzari
Dithmenos
Fedhas
Hepliaklqana
Kikubaaqudgha
Makhleb
Ru
Vehumet
Yredelemnul
The Shining One
Beogh

Shops:
D:4 (   D:6 [   D:7 *   Orc:1 !   Orc:2 }(!!

Annotations:
D:5 exclusion: oklob sapling


Innate Abilities, Weirdness & Mutations

You are resistant to damage.
You can heal yourself by infusing magical energy.
You resist negative energy. (rN+)
You passively map the area around you.
You do not regenerate.
You can translocate small distances at will.
You are robust. (+10% HP)
Your spells are a little easier to cast, but a little less powerful.


Message History

The spark wasp closely misses you. x2
Unknown command.
Your skin crawls.
You feel resistant to hostile enchantments.
You feel somewhat more hungry. The spark wasp completely misses you.
You riposte.
You slash the spark wasp!
The spark wasp is moderately wounded.
You closely miss the spark wasp.
The spark wasp is moderately wounded.
The spark wasp barely misses you.
You slash the spark wasp!
The spark wasp is moderately wounded.
The spark wasp stings you.
* * * LOW HITPOINT WARNING * * *
The spark wasp shocks you!
* * * LOW HITPOINT WARNING * * *
You hit the spark wasp.
The spark wasp is moderately wounded.
The spark wasp stings you. The spark wasp shocks you!
You die...

........................#
, ,
..........^.)..........#*
, ......................#
,,,
......................# .
, ,
....^................##..,
, ,
.....................^....
,
..........................
,, .,,
.....^................
..................#.. * ,
.(....†.†.......# # ,* , ,
, , .....>†..@...#.## , *
, , ,........y.#.#### , ,
, , , ,........#.###* , ,
, , .#......### * , ,,
##......, ** ,, ,, #......
*, , , ###...#, , , * , *
,,, , ## * , * , * , *,* ,
, , * * ,,, , ,


You could see a spark wasp.

Vanquished Creatures
  Nikola (Spider:1)
  Frances (Swamp:2)
  Agnes (Spider:1)
  Donald (Orc:2)
  Roxanne (Swamp:2)
  Kirke (Lair:6)
  3 thorn hunters
  Louise (Swamp:1)
  3 entropy weavers (Spider:1)
  The ghost of Sagrath01 the Black Sun, a journeyman GrEE of Kikubaaqudgha (D:14)
  Azrael (Orc:2)
  A red draconian (Volcano)
  A minotaur (Lab)
  A fire dragon (D:14)
  Josephine (Orc:1)
  Fannar (D:11)
  5 ghost crabs
  The ghost of arttle the Basher, a journeyman MiFi of Nemelex Xobeh (Lab)
  20 hydras
  6 centaur warriors
  2 alligators
  Erica (Orc:1)
  9 two-headed ogres
  4 tengu warriors (D:13)
  A vampire mage (D:15)
  6 death yaks (Lair:4)
  2 orc high priests (Orc:1)
  Urug (Lair:3)
  2 ogre magi
  2 spriggan berserkers (Swamp:4)
  Nergalle (Orc:2)
  A salamander mystic (Volcano)
  A shadow wraith (D:14)
  An iron troll (D:14)
  A spark wasp zombie (D:15)
  2 skeletal warriors
  2 shambling mangroves
  2 unseen horrors (D:12)
  An obsidian statue (Volcano)
  10 swamp dragons
  4 harpies (D:13)
  A wizard (D:14)
  An orc knight (Bailey)
  A deep elf mage (D:15)
  3 necromancers
  2 manticores
  19 ugly things
  8 orc sorcerers (Orc:2)
  7 wolf spiders (Spider:1)
  An orb spider (Spider:1)
  2 salamanders (Volcano)
  3 elephants (Lair:6)
  3 cyclopes
  Maurice (D:9)
  An ice statue (IceCv)
  Joseph (D:9)
  5 black mambas
  31 spiny frogs
  A stone giant skeleton (D:15)
  2 gargoyles (D:14)
  11 freezing wraiths
  9 komodo dragons
  4 demonic crawlers (Spider:1)
  A redback zombie (D:15)
  5 yaktaurs (D:15)
  5 trolls
  5 jumping spiders
  A queen bee (D:9)
  12 hornets
  7 slime creatures
  5 tyrant leeches
  Prince Ribbit (D:9)
  Grinder (D:4)
  26 blink frogs
  16 hippogriffs
  7 bog bodies
  5 spriggans
  10 tarantellas (Spider:1)
  Eustachio (D:5)
  22 redbacks
  4 wyverns
  2 shadows
  A hog (shapeshifter) (D:14)
  4 wraiths
  6 fire bats (Volcano)
  43 yaks
  4 basilisks
  A fire elemental (Orc:2)
  2 hogs (Lair:6)
  2 hungry ghosts
  A basilisk (shapeshifter) (D:14)
  24 vampire mosquitoes
  A tengu zombie (D:15)
  2 wargs
  Edmund (D:5)
  An acid dragon (D:8)
  A soldier ant (D:12)
  17 swamp worms
  A tengu skeleton (D:15)
  3 hell hounds (Orc:2)
  12 water moccasins
  2 porcupines
  4 sky beasts
  16 orc warriors
  10 swamp drakes
  13 ice beasts
  18 ogres
  A phantom (D:13)
  An alligator simulacrum (IceCv)
  An eye of draining (D:15)
  A black bear (D:10)
  17 centaurs
  5 wolves (Lair:4)
  12 crocodiles
  7 big kobolds
  24 bullfrogs
  A gnoll sergeant (D:10)
  A wyvern zombie (D:10)
  A wyvern skeleton (D:9)
  7 scorpions
  A swamp dragon simulacrum (IceCv)
  15 wights
  29 killer bees
  A howler monkey (D:14)
  2 electric eels
  7 lava snakes (Volcano)
  8 crimson imps
  3 bullfrog zombies
  A quasit (D:12)
  2 centaur zombies
  4 draconian simulacra (IceCv)
  7 centaur skeletons
  A gnoll shaman (D:6)
  22 jellies
  19 orc priests
  6 hounds
  4 bullfrog skeletons
  Ijyb (D:5)
  4 iguanas
  16 worker ants
  46 orc wizards
  A polar bear simulacrum (IceCv)
  5 troll simulacra (IceCv)
  A wolf simulacrum (IceCv)
  4 centaur simulacra (IceCv)
  2 hound zombies
  A hound skeleton (D:5)
  Robin (D:4)
  2 howler monkey zombies
  A worker ant zombie (D:5)
  4 naga simulacra (IceCv)
  3 ogre simulacra (IceCv)
  A river rat (D:6)
  15 adders
  12 gnolls
  A shadow imp (D:11)
  12 white imps (IceCv)
  7 oozes
  3 adder skeletons
  A worm (D:3)
  3 dart slugs
  6 leopard geckos
  66 orcs
  7 bats
  10 hobgoblins
  16 jackals
  28 kobolds
  2 quokkas
  4 ball pythons
  5 frilled lizards
  A giant cockroach zombie (D:6)
  16 goblins
  10 rats
  2 briar patches (Swamp:4)
1082 creatures vanquished.

Vanquished Creatures (others)
  A hydra (Swamp:4)
  An alligator (Swamp:2)
  A human (Lair:6)
  2 swamp drakes (Swamp:4)
  2 orcs
  11 fungi
  37 plants (Lair:6)
55 creatures vanquished.

Grand Total: 1137 creatures vanquished

Notes
Turn   | Place    | Note
-------+----------+-------------------------------------------
     0 | D:1      | hilaritas the Deep Dwarf Berserker began the quest for the Orb.
     0 | D:1      | Reached XP level 1. HP: 20/20 MP: 1/1
    74 | D:1      | Reached XP level 2. HP: 14/27 MP: 2/2
   296 | D:1      | Reached ** piety under Trog
   626 | D:2      | Reached XP level 3. HP: 32/33 MP: 3/3
   850 | D:2      | Reached skill level 4 in Long Blades
   955 | D:2      | Reached XP level 4. HP: 21/42 MP: 4/4
  1194 | D:2      | Found a sacrificial altar of Ru.
  1391 | D:3      | Reached skill level 5 in Long Blades
  1580 | D:3      | Reached XP level 5. HP: 25/49 MP: 5/5
  1949 | D:4      | Found Xyufidicia's Weapon Emporium.
  1959 | D:4      | Reached skill level 6 in Long Blades
  1959 | D:4      | Reached XP level 6. HP: 51/56 MP: 5/5
  2042 | D:4      | Reached *** piety under Trog
  2351 | D:4      | Noticed Robin
  2366 | D:4      | Killed Robin
  2436 | D:4      | Noticed Grinder
  2436 | D:4      | Paralysed by Grinder for 5 turns
  2456 | D:4      | Killed Grinder
  2456 | D:4      | Reached skill level 7 in Long Blades
  2456 | D:4      | Reached XP level 7. HP: 63/63 MP: 6/6
  2502 | D:5      | Entered Level 5 of the Dungeon
  2515 | D:5      | Found a blossoming altar of Fedhas.
  2698 | D:5      | Noticed Edmund
  2712 | D:5      | Killed Edmund
  2719 | D:5      | Found a staircase to the Ecumenical Temple.
  2781 | D:5      | Reached skill level 8 in Long Blades
  2934 | D:5      | Noticed Ijyb
  2953 | D:5      | Killed Ijyb
  2962 | D:5      | Noticed Eustachio
  2973 | D:5      | Killed Eustachio
  2973 | D:5      | Reached XP level 8. HP: 57/72 MP: 7/7
  2991 | D:5      | Reached skill level 9 in Long Blades
  3206 | D:6      | Found Idim's Armour Emporium.
  3221 | D:6      | Bought a +0 pair of gloves for 49 gold pieces
  3479 | D:6      | Reached skill level 10 in Long Blades
  3497 | D:6      | Reached skill level 5 in Fighting
  3504 | D:6      | Reached **** piety under Trog
  3512 | D:6      | Found a glowing drain.
  3516 | Sewer    | Entered a sewer
  3627 | Sewer    | Reached skill level 5 in Armour
  3629 | Sewer    | Gained mutation: You passively map the area around you. [Deep Dwarf growth]
  3629 | Sewer    | Reached XP level 9. HP: 41/81 MP: 8/8
  4141 | D:6      | Found a basalt altar of Yredelemnul.
  4654 | D:7      | Found Rapsitos's Assorted Antiques.
  4662 | D:7      | Bought an iron ring for 145 gold pieces
  4662 | D:7      | Bought a blue potion for 26 gold pieces
  4662 | D:7      | Bought a ruby potion for 26 gold pieces
  4662 | D:7      | Bought a scroll labeled DEPNIMPEODO for 29 gold pieces
  4662 | D:7      | Bought a pair of embroidered gloves for 217 gold pieces
  5492 | D:8      | Identified a scroll of acquirement
  5493 | D:8      | Got a flickering silver ring
  5593 | D:8      | Found a flagged portal.
  5602 | Bailey   | Entered a bailey
  5602 | Bailey   | Noticed an orc knight
  5605 | Bailey   | Identified the ring "Umyzoyq" {*Slow rPois rF+ Dex+2 Stlth+} (You acquired it on level 8 of the Dungeon)
  5630 | Bailey   | Reached XP level 10. HP: 76/98 MP: 8/8
  5706 | Bailey   | Noticed an orc knight
  5724 | Bailey   | Killed an orc knight
  6145 | D:8      | Noticed a two-headed ogre
  6159 | D:8      | Killed a two-headed ogre
  6226 | D:8      | Found a staircase to the Lair.
  6242 | D:8      | Received a gift from Trog
  6516 | D:9      | Reached skill level 10 in Fighting
  6604 | D:9      | Found a burning altar of Makhleb.
  6604 | D:9      | Found a hazy altar of Hepliaklqana.
  6608 | D:9      | Found a radiant altar of Vehumet.
  6610 | D:9      | Found a glowing golden altar of the Shining One.
  6610 | D:9      | Found a shadowy altar of Dithmenos.
  6664 | D:9      | Reached XP level 11. HP: 96/108 MP: 7/7
  6685 | D:9      | Reached skill level 5 in Dodging
  6713 | D:9      | Reached ***** piety under Trog
  6713 | D:9      | Reached skill level 10 in Armour
  6905 | D:9      | Noticed a centaur warrior
  6917 | D:9      | Killed a centaur warrior
  6946 | D:9      | Noticed Joseph
  6946 | D:9      | Noticed Prince Ribbit
  6947 | D:9      | Noticed Maurice
  6958 | D:9      | Killed Joseph
  6965 | D:9      | Killed Prince Ribbit
  7045 | D:9      | Killed Maurice
  7045 | D:9      | Reached skill level 11 in Long Blades
  7245 | D:10     | Entered Level 10 of the Dungeon
  7703 | D:10     | Noticed a two-headed ogre
  7709 | D:10     | Killed a two-headed ogre
  7713 | D:10     | Noticed a two-headed ogre
  7717 | D:10     | Killed a two-headed ogre
  7717 | D:10     | Reached skill level 12 in Long Blades
  7773 | D:10     | Noticed a red ugly thing
  7806 | D:10     | Killed a red ugly thing
  8122 | D:11     | Noticed a green ugly thing
  8134 | D:11     | Killed a green ugly thing
  8252 | D:11     | Reached XP level 12. HP: 80/117 MP: 6/6
  8599 | D:11     | Reached skill level 13 in Long Blades
  8717 | D:11     | Noticed Fannar
  8746 | D:11     | Killed Fannar
  9029 | D:11     | Noticed a five-headed hydra
  9040 | D:11     | Killed a five-headed hydra
  9155 | D:12     | Found a staircase to the Orcish Mines.
  9385 | D:12     | Reached ****** piety under Trog
  9385 | D:12     | Reached skill level 14 in Long Blades
  9601 | D:12     | Received a gift from Trog
 10086 | Lair:1   | Entered Level 1 of the Lair of Beasts
 10331 | Lair:1   | Reached skill level 15 in Long Blades
 10458 | Lair:1   | Noticed a four-headed hydra
 10466 | Lair:1   | Killed a one-headed hydra
 10960 | Lair:2   | Found a shattered altar of Ashenzari.
 11013 | Lair:2   | Reached XP level 13. HP: 86/127 MP: 2/6
 11697 | Lair:3   | Noticed Urug
 11711 | Lair:3   | Killed Urug
 11915 | Lair:3   | Reached skill level 16 in Long Blades
 12101 | Lair:3   | Found a hole to the Spider Nest.
 12189 | Lair:4   | Received a gift from Trog
 12431 | Lair:4   | Found a staircase to the Swamp.
 12599 | Lair:4   | Gained mutation: You are weak. (Str -2) [potion of mutation]
 12599 | Lair:4   | Gained mutation: You are very weak. (Str -4) [potion of mutation]
 12599 | Lair:4   | Gained mutation: You are dopey. (Int -2) [potion of mutation]
 12599 | Lair:4   | Gained mutation: Your flesh is cold resistant. (rC+) [potion of mutation]
 12600 | Lair:4   | Lost mutation: You are very weak. (Str -4) [potion of mutation]
 12600 | Lair:4   | Gained mutation: You are very dopey. (Int -4) [potion of mutation]
 12600 | Lair:4   | Gained mutation: Your system is resistant to poisons. (rPois) [potion of mutation]
 12600 | Lair:4   | Lost mutation: You are very dopey. (Int -4) [potion of mutation]
 12601 | Lair:4   | Lost mutation: You are dopey. (Int -2) [potion of mutation]
 12601 | Lair:4   | Lost mutation: You are weak. (Str -2) [potion of mutation]
 12601 | Lair:4   | Lost mutation: Your system is resistant to poisons. (rPois) [potion of mutation]
 12601 | Lair:4   | Lost mutation: Your flesh is cold resistant. (rC+) [potion of mutation]
 12601 | Lair:4   | Gained mutation: Your spells are a little easier to cast, but a little less powerful. [potion of mutation]
 12601 | Lair:4   | Gained mutation: You are robust. (+10% HP) [potion of mutation]
 12601 | Lair:4   | Gained mutation: You can translocate small distances at will. [potion of mutation]
 12908 | Lair:5   | Found a frozen archway.
 12917 | IceCv    | Entered an ice cave
 13004 | IceCv    | Reached skill level 17 in Long Blades
 13077 | IceCv    | Found an ancient bone altar of Kikubaaqudgha.
 13225 | IceCv    | Identified Aklo Bys's Papyrus of Cold
 14045 | Lair:6   | Entered Level 6 of the Lair of Beasts
 14060 | Lair:6   | Received a gift from Trog
 14115 | Lair:6   | Gained mutation: You resist negative energy. (rN+) [Deep Dwarf growth]
 14115 | Lair:6   | Reached XP level 14. HP: 116/149 MP: 4/4
 14227 | Lair:6   | Found a staircase to the Slime Pits.
 14241 | Lair:6   | Reached skill level 18 in Long Blades
 14695 | Lair:6   | Received a gift from Trog
 14721 | Lair:6   | Identified the Catalogue of Displaced Boosts
 14724 | Lair:6   | Noticed Kirke
 14745 | Lair:6   | Killed Kirke
 14937 | Lair:6   | Reached skill level 19 in Long Blades
 15817 | D:13     | You fall through a shaft for 2 floors!
 15817 | D:15     | Entered Level 15 of the Dungeon
 15847 | D:15     | Found a staircase to the Depths.
 15944 | D:14     | Found a gate to the Vaults.
 16003 | D:14     | Found a labyrinth entrance.
 16014 | Lab      | Entered a labyrinth
 16209 | Lab      | Noticed arttle's ghost (journeyman MiFi)
 16215 | Lab      | Killed arttle's ghost
 16430 | D:14     | Reached XP level 15. HP: 131/160 MP: 2/2
 16657 | D:13     | Reached skill level 20 in Long Blades
 17168 | D:14     | Noticed Sagrath01's ghost (journeyman GrEE)
 17189 | D:14     | Killed Sagrath01's ghost
 18044 | D:15     | Reached skill level 21 in Long Blades
 18407 | Orc:1    | Entered Level 1 of the Orcish Mines
 18428 | Orc:1    | Found Xycoarat's Distillery.
 18459 | Orc:1    | Bought a potion of ambrosia for 80 gold pieces
 18459 | Orc:1    | Bought a potion of heal wounds for 50 gold pieces
 18459 | Orc:1    | Bought a potion of might for 40 gold pieces
 18531 | Orc:2    | Entered Level 2 of the Orcish Mines
 18544 | Orc:2    | Found a dark tunnel.
 18550 | Volcano  | Entered a volcano
 18719 | Volcano  | Found a radiant altar of Vehumet.
 19024 | Orc:2    | Found a staircase to the Elven Halls.
 19026 | Orc:2    | Noticed Azrael
 19040 | Orc:2    | Killed Azrael
 19099 | Orc:2    | Paralysed by an orc sorcerer for 5 turns
 19131 | Orc:2    | Reached XP level 16. HP: 116/171 MP: 3/3
 19146 | Orc:2    | Found Diaprij's Gadget Shop.
 19199 | Orc:2    | Found a radiant altar of Vehumet.
 19233 | Orc:2    | Found Rido's Distillery.
 19235 | Orc:2    | Noticed Nergalle
 19236 | Orc:2    | Noticed Donald
 19250 | Orc:2    | Killed Donald
 19255 | Orc:2    | Killed Nergalle
 19273 | Orc:2    | Found a roughly hewn altar of Beogh.
 19273 | Orc:2    | Found Zalluth's Antique Weapon Boutique.
 19307 | Orc:2    | Bought a potion of heal wounds for 55 gold pieces
 19307 | Orc:2    | Bought a potion of haste for 110 gold pieces
 19309 | Orc:2    | Found an ancient bone altar of Kikubaaqudgha.
 19321 | Orc:2    | Found Muenuo's Distillery.
 19332 | Orc:2    | Bought a potion of haste for 100 gold pieces
 19623 | Orc:1    | Noticed Josephine
 19625 | Orc:1    | Found a roughly hewn altar of Beogh.
 19647 | Orc:1    | Received a gift from Trog
 19692 | Orc:1    | Killed Josephine
 19893 | Orc:1    | Noticed Erica
 19899 | Orc:1    | Killed Erica
 20223 | Swamp:1  | Entered Level 1 of the Swamp
 20254 | Swamp:1  | Noticed Louise
 20270 | Swamp:1  | Killed Louise
 20750 | Swamp:1  | Reached skill level 22 in Long Blades
 20875 | Swamp:2  | Noticed a thorn hunter
 20883 | Swamp:2  | Killed a thorn hunter
 20890 | Swamp:2  | Paralysed by a hornet for 3 turns
 20902 | Swamp:2  | Noticed Roxanne
 20927 | Swamp:2  | Killed Roxanne
 21125 | Swamp:2  | Noticed Frances
 21158 | Swamp:2  | Killed Frances
 22364 | Swamp:4  | Entered Level 4 of the Swamp
 22758 | Swamp:4  | Noticed a thorn hunter
 22773 | Swamp:4  | Killed a thorn hunter
 22821 | Swamp:4  | Noticed a thorn hunter
 22845 | Swamp:4  | Killed a thorn hunter
 22853 | Swamp:4  | Reached skill level 23 in Long Blades
 22893 | Swamp:4  | HP: 3/173 [death yak[a spriggan berserker] (23)]
 22917 | Swamp:4  | Reached XP level 17. HP: 60/181 MP: 4/4
 23123 | Swamp:4  | Got a decaying rune of Zot
 23460 | Spider:1 | Entered Level 1 of the Spider Nest
 23608 | Spider:1 | Noticed Agnes
 23634 | Spider:1 | Killed Agnes
 23665 | Spider:1 | HP: 9/182 [tarantella (6)]
 23672 | Spider:1 | HP: 4/182 [jumping spider (1)]
 24046 | Spider:1 | Noticed Nikola
 24052 | Spider:1 | HP: 8/182 [Nikola/chain lightning (14)]
 24068 | Spider:1 | Killed Nikola
 24125 | Spider:1 | HP: 8/184 [spark wasp (13)]
 24126 | Spider:1 | Slain by a spark wasp

Skill      XL: |  1  2  3  4  5  6  7  8  9 10 11 12 13 14 15 16 17 |
---------------+----------------------------------------------------+-----
Fighting       | 3 4 5 8 10 11 12 13 14 | 14.3
Long Blades    | 4 5 6 7 8 10 12 15 17 19 21 23 | 23.7
Armour         | 3 5 7 9 10 | 10.0
Dodging        | 4 5 |  5.7

Action                   |  1- 3 |  4- 6 |  7- 9 | 10-12 | 13-15 | 16-18 || total
-------------------------+-------+-------+-------+-------+-------+-------++-------
Melee: Falchion          |    88 |       |       |       |       |       ||    88
       Scimitar          |    21 |   174 |   508 |   120 |       |       ||   823
       Great sword       |       |       |       |   737 |   120 |       ||   857
       Rapier            |       |       |       |     7 |       |       ||     7
       Long sword        |       |       |       |     5 |    21 |   127 ||   153
       Triple sword      |       |       |       |       |  1002 |   660 ||  1662
Throw: Javelin           |     1 |       |     1 |    12 |     9 |       ||    23
Invok: Trog's Hand       |       |     4 |     7 |    11 |    48 |    41 ||   111
       Berserk           |       |     1 |     2 |     7 |     8 |     8 ||    26
 Abil: Heal Wounds       |     1 |     1 |     5 |    18 |    18 |    20 ||    63
  Use: Scroll            |       |    10 |     4 |     9 |    17 |     9 ||    49
       Potion            |       |       |       |     1 |     5 |    14 ||    20
  Eat: Chunk             |       |     7 |    14 |    32 |    43 |    30 ||   126
       Fruit             |       |       |     1 |       |    12 |    14 ||    27
       Royal jelly       |       |       |       |     1 |     1 |       ||     2
Armor: Animal skin       |    10 |       |       |       |       |       ||    10
       Ring mail         |    14 |       |       |       |       |       ||    14
       Chain mail        |       |    66 |       |       |       |       ||    66
       Plate armour      |       |    44 |   374 |    19 |       |       ||   437
       Crystal plate arm |       |       |       |   810 |  1231 |  1430 ||  3471
Dodge: Dodged            |    78 |    92 |   204 |   393 |   645 |   637 ||  2049
       Rpst.: Falchion   |    17 |       |       |       |       |       ||    17
       Scimitar          |     2 |    27 |    61 |    12 |       |       ||   102
       Great sword       |       |       |       |    96 |     7 |       ||   103
       Long sword        |       |       |       |     2 |     1 |     7 ||    10
       Triple sword      |       |       |       |       |   153 |   100 ||   253
